[Event "*** Titled Tuesday Blitz"]
[Site "Chess.com"]
[Date "2019.04.02"]
[Round "1"]
[White "Andreikka"]
[Black "Slovak_fighter2000"]
[Result "1-0"]
[WhiteElo "2868"]
[BlackElo "2478"]
[TimeControl "180+2"]
[EndTime "14:07:17 PDT"]
[Termination "Andreikka won by resignation"]

1. d4 Nf6 2. Nf3 e6 3. c4 d5 4. Nc3 c5 5. cxd5 Nxd5 6. e4 Nxc3 7.
bxc3 cxd4 8. cxd4 Bb4+ 9. Bd2 Bxd2+ 10. Qxd2 O-O 11. Bc4 Nd7 12. O-O b6 13. Rfe1 Bb7 14. Rad1 h6 15. h3 Nf6 16. Qf4 Nh5 17. Qh2 Qf6 18. Qc7 Rac8 19. Qxb7 Rxc4 20. Qxa7 Nf4 21. Kh2 Rc2 22. Rf1 Qg6 23. Ne1 Re2 24. g3 Nh5 25.
Ng2 Qxe4 26. Qxb6 Rxa2 27. Qc5 Nf6 28. Rde1 Qd5 29. Nf4 Qxc5 30. dxc5 Rc8 31. Nd3 Rd2 32. Rd1 Ra2 33. Ra1 Rd2 34. Rfd1 Rxd1 35. Rxd1 Kf8 36. Kg2 Ke7 37. Kf3 Nd7 38. Rc1 f5 39. Ke3 e5 40.
c6 e4 41. cxd7 Rxc1 42. Nxc1 Kxd7 43. g4 g6 44. gxf5 gxf5 45. Kf4 Ke6 46. Ne2 Kf6 47.
Ng3 1-0

[Event "*** Titled Tuesday Blitz"]
[Site "Chess.com"]
[Date "2019.04.02"]
[Round "1"]
[White "SlavenPastar"]
[Black "RayRobson"]
[Result "0-1"]
[WhiteElo "2473"]
[BlackElo "2866"]
[TimeControl "180+2"]
[EndTime "14:07:18 PDT"]
[Termination "RayRobson won by resignation"]

1. e4 e5 2. Nc3 Nc6 3. Nf3 Nf6 4.
Bb5 Nd4 5. Bd3 Nxf3+ 6. Qxf3 d6 7. h3 Be7 8. O-O O-O 9. b3 c6 10. Re1 b5 11. a3 a6 12. Bb2 Bb7 13. b4 c5 14. Nd5 Nxd5 15. exd5 c4 16. Be4 g6 17.
g4 Qd7 18. Qg2 Bg5 19. d4 cxd3 20. cxd3 Rac8 21. d4 Bf4 22. Rad1 f6 23. dxe5 fxe5 24. Bc1 Rc4 25. Be3 Qf7 26. Rc1 Bxe3 27. fxe3 Rxe4 28. Qxe4 Qf2+ 29. Kh1 Rf3 0-1

[Event "*** Titled Tuesday Blitz"]
[Site "Chess.com"]
[Date "2019.04.02"]
[Round "1"]
[White "Grischuk"]
[Black "Aemulus20"]
[Result "1-0"]
[WhiteElo "3069"]
[BlackElo "2500"]
[TimeControl "180+2"]
[EndTime "14:07:21 PDT"]
[Termination "Grischuk won by resignation"]

1. e4 c5 2. Nf3 d6 3. Bb5+ Nd7 4. O-O Nf6 5. Re1 e6 6. c3 Be7 7. d4 O-O 8. Nbd2 a6 9. Bd3 cxd4 10. cxd4 e5 11. d5 Nc5 12. Bc2 a5 13. Nf1 b5 14.
Ng3 g6 15. Be3 Nfd7 16. Qd2 Bf6 17. h4 Nb6 18. b3 Bg4 19. Nh2 Bd7 20. h5 b4 21. Nf3 Bg4 22. hxg6 fxg6 23. Bd1 a4 24. Rb1 axb3 25. axb3 Nbd7 26. Qxb4 Nd3 27. Qxd6 Nxe1 28. Nxe1 Bxd1 29. Rxd1 Qe7 30. Qe6+ Kg7 31. Nd3 Rab8 32. b4 Rfc8 33. Qg4 Kh8 34. Nc5 Nxc5 35. bxc5 Rd8 36. c6 Qd6 37. Rc1 Rb5 38. c7 1-0

[Event "*** Titled Tuesday Blitz"]
[Site "Chess.com"]
[Date "2019.04.02"]
[Round "1"]
[White "RATNAKARAN"]
[Black "Korchmar_Vasiliy"]
[Result "0-1"]
[WhiteElo "2418"]
[BlackElo "2762"]
[TimeControl "180+2"]
[EndTime "14:07:24 PDT"]
[Termination "Korchmar_Vasiliy won by resignation"]

1. e4 c5 2. Nf3 d6 3. c3 Nf6 4.
h3 Nc6 5. Bd3 g6 6. Bc2 Bg7 7. O-O e5 8. d4 O-O 9. d5 Ne7 10. Nh2 Nh5 11. g4 Nf4 12. Bxf4 exf4 13. Nd2 h5 14. f3 hxg4 15. hxg4 g5 16. Kg2 Ng6 17. Rh1 b5 18. Nhf1 b4 19. cxb4 cxb4 20.
Rb1 Ba6 21. Nb3 Qb6 22. Bd3 Rfc8 23. Qe2 Bxd3 24. Qxd3 Rc7 25. Nfd2 Rac8 26. Rhc1 Nh4+ 27. Kf1 Rxc1+ 28. Rxc1 Rxc1+ 29. Nxc1 Bxb2 30. Nc4 Qd4 31. Qxd4 Bxd4 32. Ke2 Bc5 33. Nd3 Kf8 34. Nce5 dxe5 35. Nxc5 a5 36. Nd7+ Ke8 37. Nxe5 a4 38. Nc4 a3 39.
Na5 Ng6 40. Nb3 Ne5 41. Nd4 Kd7 42. Nc2 b3 43. axb3 a2 44. b4 Kc7 45. Na1 Kb6 46. Kd2 Nxf3+ 47. Kd3 Ne5+ 48. Kd4 f3 49. Kxe5 f2 0-1

[Event "*** Titled Tuesday Blitz"]
[Site "Chess.com"]
[Date "2019.04.02"]
[Round "1"]
[White "Kirill_Klukin"]
[Black "INLOVEWITHF"]
[Result "1-0"]
[WhiteElo "2603"]
[BlackElo "2265"]
[TimeControl "180+2"]
[EndTime "14:07:26 PDT"]
[Termination "Kirill_Klukin won by resignation"]

1. Nf3 Nf6 2. d4 d5 3. c4 c6 4. e3 Bf5 5. Nc3 e6 6. Nh4 Bg4 7. Qb3 Qb6 8. h3 Bh5 9. g4 Bg6 10.
Nxg6 hxg6 11. Bg2 Nbd7 12. Bd2 Qc7 13. Rc1 Qb6 14. Na4 Qxb3 15. axb3 Bd6 16. Ke2 Ke7 17. f3 Rac8 18. e4 b5 19. Nc3 b4 20. Na2 e5 21.
exd5 exd4 22. Nxb4 Bxb4 23. Bxb4+ c5 24. Bd2 Kd6 25.
Bf4+ Ne5 26. Kd2 Nd7 27. Rhe1 f6 28. Ra1 Rb8 29. Kc2 g5 30. Bg3 Rb6 31. Rxa7 Rhb8 32. Ra3 Nf8 33. f4 gxf4 34. Bxf4 g5 35. Bxe5+ fxe5 36. Be4 Nd7 37. Rf1 Rf8 38. Rxf8 Nxf8 39.
Bf5 Rb7 40. Ra8 Ke7 41. Rc8 Nd7 42. b4 cxb4 43. c5 Rb5 44. d6+ 1-0

[Event "*** Titled Tuesday Blitz"]
[Site "Chess.com"]
[Date "2019.04.02"]
[Round "1"]
[White "Vamostodorecto"]
[Black "GremioPrudente"]
[Result "1/2-1/2"]
[WhiteElo "2511"]
[BlackElo "2063"]
[TimeControl "180+2"]
[EndTime "14:07:27 PDT"]
[Termination "Game drawn by repetition"]

1. d4 d5 2. c4 c6 3. Nf3 e6 4.
Nc3 dxc4 5. e3 b5 6. a4 Bb4 7. Bd2 a5 8. axb5 Bxc3 9. Bxc3 cxb5 10.
b3 Bb7 11. bxc4 b4 12. Bb2 Nf6 13. Be2 Nbd7 14. O-O O-O 15. Qc2 Qc7 16. Rfd1 Rfb8 17.
c5 Bc6 18. Nd2 a4 19. Nc4 a3 20. Bxa3 bxa3 21. Rxa3 Rxa3 22. Nxa3 h6 23. f3 Qa7 24. Nc4 Ba4 25. Qa2 Ra8 26. Ra1 Nd5 27. Qd2 Qb8 28. Nd6 Bc6 29. Rc1 Qb4 30. Qxb4 Nxb4 31. e4 Rb8 32. Rb1 Na6 33. Ra1 Nb4 34. Rb1 Na6 35. Ra1 Nb4 36. Rb1 Na6 1/2-1/2

[Event "*** Titled Tuesday Blitz"]
[Site "Chess.com"]
[Date "2019.04.02"]
[Round "1"]
[White "chesstatour"]
[Black "PelinGorki"]
[Result "0-1"]
[WhiteElo "2005"]
[BlackElo "2509"]
[TimeControl "180+2"]
[EndTime "14:07:27 PDT"]
[Termination "PelinGorki won on time"]

1. c4 e5 2. Nc3 Nf6 3. Nf3 Nc6 4. d4 exd4 5. Nxd4 Bb4 6. g3 O-O 7. Nc2 Bxc3+ 8. bxc3 b6 9. Bg2 Ba6 10. Ne3 Re8 11. O-O Rb8 12. Qa4 Na5 13. Ba3 d6 14.
Rfe1 Nd7 15. Rad1 Rxe3 16. fxe3 Qe7 17. e4 Bxc4 18. Bb4 Ne5 19. Bxa5 bxa5 20. Qxa5 g6 21. Rb1 Rxb1 22. Rxb1 Bxe2 23. Qxa7 Qg5 24. Re1 Bc4 25. Qd4 Bxa2 26. Qe3 Qe7 27. h4 Bc4 0-1

[Event "*** Titled Tuesday Blitz"]
[Site "Chess.com"]
[Date "2019.04.02"]
[Round "1"]
[White "Sanyura"]
[Black "GadimbayliA"]
[Result "0-1"]
[WhiteElo "2447"]
[BlackElo "2789"]
[TimeControl "180+2"]
[EndTime "14:07:29 PDT"]
[Termination "GadimbayliA won by checkmate"]

1. Nf3 Nf6 2. g3 d5 3. Bg2 c6 4. O-O g6 5. d3 Bg7 6. Nbd2 O-O 7.
e4 Nbd7 8. Qe2 e6 9. h4 h5 10. Re1 Re8 11. Nf1 e5 12. Ng5 Nf8 13. a4 Bg4 14. f3 Bd7 15. Ne3 Ne6 16. Nd1 Nh7 17.
Nxe6 Bxe6 18. Kh2 f5 19. exf5 Bxf5 20. Ne3 Bd7 21. Bd2 Nf6 22. c4 d4 23. Nf1 c5 24.
Bg5 Qc7 25. Nd2 Rf8 26. Bxf6 Bxf6 27. Ne4 Be7 28. Ng5 Bxg5 29. hxg5 Rae8 30. Qd2 Bc6 31. Rf1 h4 32. Bh3 e4 33. f4 e3 34. Qe2 Rf7 35. f5 Qxg3# 0-1

[Event "*** Titled Tuesday Blitz"]
[Site "Chess.com"]
[Date "2019.04.02"]
[Round "1"]
[White "bascheyaro"]
[Black "Quiet_Desperation"]
[Result "1-0"]
[WhiteElo "2723"]
[BlackElo "2400"]
[TimeControl "180+2"]
[EndTime "14:07:30 PDT"]
[Termination "bascheyaro won by resignation"]

1. d4 Nf6 2. Nf3 e6 3. Bg5 Be7 4. c4 O-O 5. Nc3 d5 6. e3 c6 7.
Bd3 Nbd7 8. O-O b6 9. cxd5 Nxd5 10. Bxe7 Qxe7 11. Rc1 Bb7 12. a3 Rfc8 13. Ne4 c5 14.
dxc5 Nxc5 15. Nxc5 Rxc5 16. Rxc5 Qxc5 17. Ng5 g6 18.
Qf3 Qe7 19. Qg3 Rd8 20. Qh4 f5 21. Bc4 a6 22. Rd1 b5 23. Ba2 h5 24. g3 Nf4 25. Re1 Qxg5 26. Qxf4 Qf6 27. Qc7 Bf3 28.
Bxe6+ Kh8 29. h4 Rd2 30. Bf7 g5 31. Qc8+ Rd8 32. Qe6 Qxe6 33. Bxe6 gxh4 34. gxh4 Rd2 35. b4 Rd3 36. Ra1 Be4 37. Kh2 Rd2 38. Kg3 Rd6 39. Bc8 Rc6 40. Bd7 Rd6 41. Be8 Kg7 42. Bxh5 Kh6 43.
Bf3 Rg6+ 44. Kf4 Bxf3 45. Kxf3 Rg4 46. Rc1 1-0

[Event "*** Titled Tuesday Blitz"]
[Site "Chess.com"]
[Date "2019.04.02"]
[Round "1"]
[White "TheBigBoss04"]
[Black "norwaytoadog"]
[Result "1-0"]
[WhiteElo "2552"]
[BlackElo "2216"]
[TimeControl "180+2"]
[EndTime "14:07:30 PDT"]
[Termination "TheBigBoss04 won by resignation"]

1. d4 Nf6 2. c4 e6 3. Nc3 Bb4 4.
e3 O-O 5. Bd3 c5 6. Nf3 Bxc3+ 7.
bxc3 Nc6 8. O-O d6 9. e4 e5 10. d5 Ne7 11. Nh4 h6 12. h3 Ng6 13. Nf5 Bxf5 14. exf5 Nf4 15. Bxf4 exf4 16. Qf3 Qa5 17. Rfc1 Nd7 18. Qxf4 Ne5 19. f6 Nxd3 20. Qg3 g6 21. Qxd3 Rfe8 22. Qg3 Qd8 23. Qf4 Re5 24. Re1 Rf5 25.
Qxh6 Qxf6 26. Qe3 Kg7 27. Qe7 Qxc3 28. Qxd6 Qd4 29. Qg3 Qxc4 30. d6 Rd8 31. Rac1 Qxa2 32. Qc3+ Kh7 33. Rc2 Qd5 34. Rd2 Qc6 35. Red1 b5 36.
Qg3 c4 37. Qh4+ Kg7 38. Qxd8 Rg5 39. Qxg5 c3 40. d7 cxd2 41. d8=Q 1-0

[Event "*** Titled Tuesday Blitz"]
[Site "Chess.com"]
[Date "2019.04.02"]
[Round "1"]
[White "Koksik_13"]
[Black "gonzaga23"]
[Result "1-0"]
[WhiteElo "2668"]
[BlackElo "2352"]
[TimeControl "180+2"]
[EndTime "14:07:31 PDT"]
[Termination "Koksik_13 won by resignation"]

1. e4 c6 2. d4 d5 3. Nc3 dxe4 4.
Nxe4 Nf6 5. Ng3 e5 6. Nf3 exd4 7.
Bc4 Bb4+ 8. Bd2 Qe7+ 9. Ne2 O-O 10. O-O Bxd2 11. Qxd2 c5 12. Rfe1 Qc7 13. c3 dxc3 14. Nxc3 a6 15. a4 Nc6 16. Rad1 Bg4 17. Qg5 Bxf3 18. gxf3 Nd4 19. Qg2 Qf4 20. Rd3 Rfe8 21. Red1 Rad8 22. Kh1 h6 23. Rg1 g5 24. Qh3 Nf5 25. Nd5 Nxd5 26. Bxd5 Nh4 27. Rgd1 Rd6 28. Qg3 Red8 29. Qxf4 gxf4 30. Bxf7+ Kxf7 31. Rxd6 Rxd6 32. Rxd6 Nxf3 33. Rd7+ Ke6 34. Rxb7 Nd2 35. Rb6+ Kd5 36. Rxa6 1-0

[Event "*** Titled Tuesday Blitz"]
[Site "Chess.com"]
[Date "2019.04.02"]
[Round "1"]
[White "You_are_not_free"]
[Black "Artur0208"]
[Result "0-1"]
[WhiteElo "2312"]
[BlackElo "2631"]
[TimeControl "180+2"]
[EndTime "14:07:33 PDT"]
[Termination "Artur0208 won by resignation"]

1. e4 e5 2. Nf3 Nc6 3. Bb5 a6 4. Ba4 b5 5. Bb3 Nf6 6. d4 exd4 7. O-O Bc5 8. e5 Ng4 9. h3 Ngxe5 10. Re1 d6 11. Nxe5 dxe5 12. Qf3 Qf6 13. Bd5 Bb7 14.
Bxc6+ Bxc6 15. Rxe5+ Qxe5 16. Qxc6+ Ke7 17. Bd2 f6 18. Na3 Qd6 19. Qe4+ Kf7 20. Bf4 Qd7 21. Rd1 Rae8 22. Qb7 Ra8 23. c3 d3 24. Nc2 Rhe8 25.
Qf3 Rad8 26. Ne1 d2 27. Nc2 Qd3 28. Qh5+ Kg8 29. Ne3 Bxe3 30. Bxe3 Rxe3 31. fxe3 Qxe3+ 32. Kh2 Qe5+ 33. g3 Qxh5 0-1

[Event "*** Titled Tuesday Blitz"]
[Site "Chess.com"]
[Date "2019.04.02"]
[Round "1"]
[White "Oleg_Papayan"]
[Black "Firouzja2003"]
[Result "0-1"]
[WhiteElo "2501"]
[BlackElo "3086"]
[TimeControl "180+2"]
[EndTime "14:07:38 PDT"]
[Termination "Firouzja2003 won by resignation"]

1. e4 c5 2. Nf3 d6 3. Nc3 a6 4. g3 Nc6 5. Bg2 e5 6. h3 g6 7. O-O Bg7 8. d3 Nge7 9. Nd5 Nxd5 10. exd5 Ne7 11. c4 O-O 12. a3 h6 13. Rb1 g5 14. b4 b6 15. Qb3 Bf5 16. Nd2 Bg6 17.
Kh2 Nf5 18. Bb2 h5 19. Ne4 Rb8 20. Bc3 Nd4 21. Bxd4 cxd4 22. Qa4 f5 23. Nd2 Ra8 24.
c5 b5 25. Qd1 g4 26. Rc1 Rc8 27. cxd6 Rxc1 28. Qxc1 Bh6 29. Qc2 Qxd6 30. Nb3 Bf7 31. Qc5 Qf6 32. Na5 h4 33. Nc6 f4 34. Qe7 hxg3+ 35.
fxg3 fxg3+ 36. Kh1 Qxf1+ 37. Bxf1 Bxd5+ 0-1

[Event "*** Titled Tuesday Blitz"]
[Site "Chess.com"]
[Date "2019.04.02"]
[Round "1"]
[White "advantageLucy"]
[Black "EvgenyT"]
[Result "0-1"]
[WhiteElo "2494"]
[BlackElo "2944"]
[TimeControl "180+2"]
[EndTime "14:07:41 PDT"]
[Termination "EvgenyT won by resignation"]

1. d4 Nf6 2. Nf3 b6 3. Bf4 Bb7 4. e3 e6 5. Nbd2 Be7 6. Bd3 Nh5 7. Bg3 d6 8. c3 Nd7 9. Rc1 a6 10. Qe2 h6 11. e4 O-O 12. O-O Re8 13. Rfe1 Nxg3 14.
hxg3 Bf8 15. Nf1 g6 16. Ne3 Bg7 17. b4 a5 18. b5 Qe7 19. Qd2 Rad8 20. Ng4 Qf8 21.
c4 e5 22. d5 h5 23. Ne3 Bh6 24. Qc3 Nf6 25. Rcd1 Bc8 26. Nh4 Bg4 27. f3 Bd7 28. Nf1 Qe7 29. Re2 Kg7 30. Rde1 Bg5 31. Ne3 Nh7 32.
f4 Bxh4 33. gxh4 Qxh4 34. f5 Nf6 35. Rf1 Rh8 36. Qc2 Ng4 37. Nxg4 hxg4 38. f6+ Kg8 39. Re3 g3 0-1

[Event "*** Titled Tuesday Blitz"]
[Site "Chess.com"]
[Date "2019.04.02"]
[Round "1"]
[White "suyu28"]
[Black "Saitama_Hero"]
[Result "1-0"]
[WhiteElo "2565"]
[BlackElo "2223"]
[TimeControl "180+2"]
[EndTime "14:07:41 PDT"]
[Termination "suyu28 won on time"]

1. c4 Nf6 2. Nc3 e6 3. Nf3 d5 4. e3 Be7 5. b3 O-O 6. Bb2 c6 7. d4 a6 8. Bd3 dxc4 9. bxc4 c5 10. O-O Nc6 11. a3 Qc7 12. d5 exd5 13. cxd5 Na5 14. e4 Bd6 15. e5 Bxe5 16. Nxe5 Qxe5 17. Re1 Qg5 18. Qa4 b6 19. f4 Qh6 20. Re7 c4 21. Bxc4 Qxf4 22. Bf1 Qd6 23. Rae1 Bd7 24. Qd4 Nc6 25. Qe3 Nxe7 26. Qxe7 Qxe7 27. Rxe7 Rfe8 28.
d6 Bc6 29. a4 Rxe7 30. dxe7 Ne4 31. Nxe4 Bxe4 32. Kf2 Bd5 33. Ke3 f6 34. Kd4 Be6 35.
Ba3 Kf7 36. g3 Ke8 37. Bd3 g6 38. h4 Bd7 39. Bc2 b5 40. a5 Rc8 41. Bc5 Rc6 42.
h5 Kf7 43. Bb3+ Be6 44. hxg6+ hxg6 45. Bc2 g5 46. Bg6+ 1-0

[Event "*** Titled Tuesday Blitz"]
[Site "Chess.com"]
[Date "2019.04.02"]
[Round "1"]
[White "cyber-alekhine2"]
[Black "DagurR"]
[Result "0-1"]
[WhiteElo "2170"]
[BlackElo "2538"]
[TimeControl "180+2"]
[EndTime "14:07:41 PDT"]
[Termination "DagurR won by resignation"]

1. e4 c5 2. d4 cxd4 3. c3 Nf6 4. e5 Nd5 5. Nf3 d6 6. Bc4 Nb6 7. Bb3 e6 8. cxd4 Nc6 9. exd6 Bxd6 10. O-O O-O 11. Nc3 Ne7 12. a3 Nbd5 13. Bg5 Qb6 14.
Bc2 Ng6 15. Nxd5 exd5 16. Qd3 Re8 17. Rfe1 Bg4 18. Ne5 Bxe5 19. dxe5 Qxb2 20. Rab1 Rxe5 21. Rec1 Qa2 22. Be3 Bf5 23. Qd1 Bxc2 24. Rxc2 Qxa3 25. Rxb7 Rd8 26. Rcc7 Re7 27. Bc5 Rxc7 28. Rxc7 Qa5 29. Qc1 Qxc7 0-1

[Event "*** Titled Tuesday Blitz"]
[Site "Chess.com"]
[Date "2019.04.02"]
[Round "1"]
[White "matiss90"]
[Black "maloy07"]
[Result "0-1"]
[WhiteElo "2456"]
[BlackElo "2825"]
[TimeControl "180+2"]
[EndTime "14:07:45 PDT"]
[Termination "maloy07 won by resignation"]

1. e4 e6 2. d4 d5 3. Nc3 Nf6 4. Bg5 Bb4 5. exd5 exd5 6. Bd3 h6 7.
Bh4 O-O 8. Ne2 Re8 9. O-O c6 10. a3 Bd6 11. f3 Nbd7 12. Bg3 Bxg3 13. Nxg3 Nf8 14. Nce2 Bd7 15. c3 Qe7 16. Qd2 Qe3+ 17. Qxe3 Rxe3 18. Rad1 Rae8 19. Kf2 g5 20. Rfe1 h5 21.
Ng1 Rxe1 22. Rxe1 Rxe1 23. Kxe1 Kg7 24. Nf5+ Bxf5 25. Bxf5 Ne8 26. Nh3 Nd6 27. Bd3 Ne6 28. Kf2 f5 29. g3 Kf6 30. Ng1 f4 31. Ne2 fxg3+ 32. Kxg3 Nf5+ 33. Bxf5 Kxf5 34. h4 Nf4 35. Nc1 Ng6 36. hxg5 h4+ 37. Kf2 Nf4 38. b4 Kxg5 39. a4 Kf5 40. a5 b6 41. axb6 axb6 42. Kg1 Ke6 43. Kh2 Kd6 44. Kg1 c5 45. bxc5+ bxc5 46. Nb3 c4 47. Nd2 Ne2+ 48. Kh2 Nxc3 49. Kh3 Ne2 50. Kxh4 c3 51. Nb3 c2 52. Kg5 Nxd4 53. Nxd4 c1=Q+ 54. Kg6 Qg1+ 0-1

[Event "*** Titled Tuesday Blitz"]
[Site "Chess.com"]
[Date "2019.04.02"]
[Round "1"]
[White "MMSANCHEZ"]
[Black "Konavets"]
[Result "0-1"]
[WhiteElo "2449"]
[BlackElo "2811"]
[TimeControl "180+2"]
[EndTime "14:07:45 PDT"]
[Termination "Konavets won by resignation"]

1. d4 g6 2. Nf3 Bg7 3. g3 c5 4. d5 f5 5. Bg2 Nf6 6. O-O d6 7. c4 O-O 8. Nc3 Na6 9. a3 Nc7 10. e4 fxe4 11. Ng5 a6 12. Ncxe4 Nxe4 13. Bxe4 b5 14.
Nxh7 Bf5 15. Nxf8 Bxe4 16. Qe2 Bf5 17. Ne6 Nxe6 18. dxe6 bxc4 19. Qxc4 d5 20. Qxc5 Rc8 21. Qa7 Bh3 22. Rd1 Rc2 23. Bf4 Kh7 24. Qxa6 Rxb2 25.
Rac1 d4 26. Rc8 Qd5 27. Qc6 Qh5 28. Re1 Re2 29. Rc1 Qa5 30. Rf1 Re1 0-1

[Event "*** Titled Tuesday Blitz"]
[Site "Chess.com"]
[Date "2019.04.02"]
[Round "1"]
[White "Rap_woyska"]
[Black "AsaHoffmann"]
[Result "0-1"]
[WhiteElo "2529"]
[BlackElo "2224"]
[TimeControl "180+2"]
[EndTime "14:07:46 PDT"]
[Termination "AsaHoffmann won by resignation"]

1. c4 Nf6 2. Nf3 d6 3. d4 Bg4 4.
Nc3 Nbd7 5. Bg5 e5 6. e3 c6 7.
Bd3 Be7 8. h3 Bh5 9. O-O e4 10.
g4 exd3 11. gxh5 Nxh5 12. Bxe7 Qxe7 13. Qxd3 O-O 14. Kh2 Rae8 15. Rg1 g6 16. Rg2 Ndf6 17. Rag1 Ne4 18. Ne2 Qf6 19. Nd2 Nxf2 20. Qb3 Ne4 21. Rf1 Nxd2 22. Rxf6 Nxb3 23. Rxd6 Nd2 24. Rd7 Rxe3 25.
Rxb7 Rfe8 26. Ng1 Nf4 27. Rf2 g5 28. Rxd2 Ne2 29. Rxe2 Rxe2+ 30. Nxe2 Rxe2+ 31. Kg3 h5 32. a4 f5 33. b3 f4+ 34. Kf3 Re3+ 35. Kg2 g4 36.
hxg4 hxg4 37. Rd7 Re2+ 38. Kf1 f3 39. Rd6 Kg7 40. d5 g3 41. Re6 g2+ 42. Kg1 Rxe6 43.
dxe6 Kf6 0-1

[Event "*** Titled Tuesday Blitz"]
[Site "Chess.com"]
[Date "2019.04.02"]
[Round "1"]
[White "Nancy11111"]
[Black "viggi38"]
[Result "0-1"]
[WhiteElo "2284"]
[BlackElo "2607"]
[TimeControl "180+2"]
[EndTime "14:07:47 PDT"]
[Termination "viggi38 won by checkmate"]

1. d4 f5 2. g3 Nf6 3. Bg2 g6 4. Nd2 Bg7 5. e4 fxe4 6. Nxe4 O-O 7. Ne2 Nxe4 8. Bxe4 d5 9. Bg2 Bg4 10. O-O Nc6 11.
c3 e5 12. dxe5 Nxe5 13. Qxd5+ Kh8 14. Nf4 c6 15. Qxd8 Raxd8 16. Be3 Nc4 17. Bxa7 Nxb2 18.
h3 Bf5 19. Rac1 Na4 20. c4 c5 21. Nd5 Ra8 22. Bb6 Nxb6 23. Nxb6 Rxa2 24. g4 Bd3 25. Rfe1 Bd4 26. Re7 Rfxf2 27. Re8+ Kg7 28. Re7+ Kh6 29.
g5+ Kxg5 30. Bd5 Rf1# 0-1

[Event "*** Titled Tuesday Blitz"]
[Site "Chess.com"]
[Date "2019.04.02"]
[Round "1"]
[White "GukeshDommaraju"]
[Black "fidezivkovic"]
[Result "1-0"]
[WhiteElo "2630"]
[BlackElo "2310"]
[TimeControl "180+2"]
[EndTime "14:07:50 PDT"]
[Termination "GukeshDommaraju won by resignation"]

1. Nf3 d5 2. g3 Nf6 3. Bg2 g6 4. O-O Bg7 5. d4 O-O 6. c4 c6 7. Nbd2 Bf5 8. b3 Qc8 9. Re1 Bh3 10. Bh1 a5 11. Ba3 Re8 12. e4 dxe4 13. Nxe4 Nxe4 14. Rxe4 Bf6 15. Qd2 Bf5 16. Re2 Bg4 17. Rae1 Qf5 18. Re3 Nd7 19. Ne5 Red8 20. Nxg4 Qxg4 21. Bxe7 Bxe7 22.
Rxe7 Nf6 23. d5 cxd5 24. cxd5 a4 25. b4 Qf5 26. R7e5 Qd7 27. Qf4 Qd6 28. Qd4 a3 29.
Re7 b6 30. R1e6 fxe6 31. Qxf6 Qxe7 32. Qxe7 exd5 33. Bxd5+ Rxd5 34. Qe6+ Kg7 35. Qxd5 Rf8 36. Qd4+ Kg8 37. Qxb6 1-0

[Event "*** Titled Tuesday Blitz"]
[Site "Chess.com"]
[Date "2019.04.02"]
[Round "1"]
[White "DiogenesSinopeus"]
[Black "Dedic8"]
[Result "1-0"]
[WhiteElo "2425"]
[BlackElo "2704"]
[TimeControl "180+2"]
[EndTime "14:07:52 PDT"]
[Termination "DiogenesSinopeus won by resignation"]

1. d4 Nf6 2. c4 e6 3. Nc3 Bb4 4.
e3 O-O 5. Bd3 d5 6. a3 Bxc3+ 7.
bxc3 c5 8. cxd5 exd5 9. Ne2 Nc6 10. O-O Re8 11. f3 b6 12. Ng3 Bb7 13. Ra2 Qd7 14.
Re2 Rad8 15. Bb2 h5 16. Bf5 Qd6 17. Bc2 Qd7 18. Bf5 Qc7 19. Bb1 Ba6 20. Bd3 Bxd3 21. Qxd3 g6 22. Rd1 h4 23. Nh1 Re7 24. Nf2 Rde8 25.
e4 dxe4 26. fxe4 Rd8 27. Qf3 Nh5 28. e5 Red7 29. Re4 cxd4 30. cxd4 Ng7 31. Ng4 Nh5 32. Rc1 Nxd4 33. Rxd4 Rxd4 34. Rxc7 Rd1+ 35. Qf1 Rxf1+ 36. Kxf1 Rd1+ 37. Ke2 Rg1 38. Kf2 Rd1 39. Bc3 g5 40. Nh6+ Kh7 41. Nxf7 Kg6 42. e6 Nf4 43. Ne5+ Kf5 44. e7 1-0

[Event "*** Titled Tuesday Blitz"]
[Site "Chess.com"]
[Date "2019.04.02"]
[Round "1"]
[White "GrigorGrigorov"]
[Black "Caisachess"]
[Result "1/2-1/2"]
[WhiteElo "2705"]
[BlackElo "2402"]
[TimeControl "180+2"]
[EndTime "14:07:53 PDT"]
[Termination "Game drawn by repetition"]

1. Nf3 Nf6 2. g3 e6 3. Bg2 d5 4.
c4 dxc4 5. O-O a6 6. Qc2 Be7 7. Ne5 Ra7 8. Nxc4 O-O 9. d3 b5 10. Be3 c5 11. Ncd2 Nbd7 12. a4 Qb6 13. Nc3 Bb7 14.
Bxb7 Rxb7 15. axb5 axb5 16. f3 Qc6 17. Bf2 Rbb8 18.
Rfc1 Ra8 19. Qb3 b4 20. Nce4 Rxa1 21. Nxf6+ Bxf6 22. Rxa1 Ra8 23. Rc1 Qb5 24. Ne4 Be7 25. Kg2 h6 26. h4 Rc8 27. Ra1 Nb6 28. Qa2 c4 29. Qa6 Qxa6 30. Rxa6 Nd5 31. dxc4 Rxc4 32. Ra8+ Kh7 33. Ra7 Rc2 34. Bd4 Rxe2+ 35. Kh3 Rc2 36.
h5 Rc7 37. Ra8 Nf6 38. Bxf6 Bxf6 39. Nxf6+ gxf6 40. Rb8 Rc4 41. Rb7 Kg7 42. g4 Rd4 43.
Kg3 Rc4 44. Kh3 Rd4 45. Kg3 Rc4 46. Kh3 1/2-1/2

[Event "*** Titled Tuesday Blitz"]
[Site "Chess.com"]
[Date "2019.04.02"]
[Round "1"]
[White "vovachesss"]
[Black "zurzan"]
[Result "1-0"]
[WhiteElo "2518"]
[BlackElo "2046"]
[TimeControl "180+2"]
[EndTime "14:07:54 PDT"]
[Termination "vovachesss won by resignation"]

1. e4 d6 2. d4 Nf6 3. Nc3 Nbd7 4. g3 g6 5. Bg2 Bg7 6. Nge2 O-O 7.
h3 c6 8. Be3 e5 9. Qd2 Re8 10. O-O Rb8 11. a4 Qc7 12. dxe5 dxe5 13. Bxa7 Ra8 14. Be3 b6 15. Rfd1 Ba6 16. Qd6 Qb7 17.
a5 Bxe2 18. Nxe2 Rxa5 19. Rxa5 bxa5 20. b3 Bf8 21. Qd3 Nc5 22. Qc4 Qb4 23. Qxb4 axb4 24. Bxc5 Bxc5 25. Nc1 Bd4 26. Nd3 c5 27. Kf1 h5 28.
Ke2 h4 29. gxh4 Nh5 30. Bf3 Nf4+ 31. Nxf4 exf4 32. Kd3 Kg7 33. h5 g5 34. Kc4 f6 35.
Rd2 Re7 36. Re2 Ra7 37. Bg4 Ra1 38. f3 Rg1 39. Kd5 Rg3 40. Ke6 Rg1 41. Rd2 Ra1 42. Kf5 Ra6 43. e5 fxe5 44. Kxg5 Rf6 45. Bf5 Rc6 46. Rg2 c4 47. Be4 Rc7 48. h6+ Kh8 49. bxc4 Rxc4 50. Kf6 Rc6+ 51. Bxc6 1-0

[Event "*** Titled Tuesday Blitz"]
[Site "Chess.com"]
[Date "2019.04.02"]
[Round "1"]
[White "Ginger_GM"]
[Black "ZeroRealtorFade"]
[Result "1-0"]
[WhiteElo "2606"]
[BlackElo "2280"]
[TimeControl "180+2"]
[EndTime "14:07:56 PDT"]
[Termination "Ginger_GM won by resignation"]

1. d4 Nf6 2. c4 c5 3. d5 b5 4.
cxb5 a6 5. Nc3 axb5 6. e4 b4 7. Nb5 d6 8. Bc4 Na6 9. Nf3 g6 10. e5 dxe5 11. Nxe5 Bg7 12. d6 O-O 13. Nc6 Qd7 14. Nxe7+ Kh8 15. O-O Bb7 16. Re1 Ng8 17. Bf4 Bf6 18. a4 Rae8 19. Nd5 Bxd5 20. Qxd5 Bxb2 21.
Rad1 Bg7 22. h3 Nf6 23. Qf3 Nh5 24. Re7 Rxe7 25. dxe7 Qxe7 26. Bd6 Qf6 27. Qxf6 Nxf6 28. Bxf8 Bxf8 29. Na7 Kg7 30. Bxa6 Ne4 31. Bc4 Nc3 32. Rd7 1-0

[Event "*** Titled Tuesday Blitz"]
[Site "Chess.com"]
[Date "2019.04.02"]
[Round "1"]
[White "nochewycandy"]
[Black "JonahWillow"]
[Result "0-1"]
[WhiteElo "2362"]
[BlackElo "2682"]
[TimeControl "180+2"]
[EndTime "14:07:57 PDT"]
[Termination "JonahWillow won by resignation"]

1. e4 c5 2. Nf3 e6 3. b3 b6 4. c4 Bb7 5. Nc3 Nc6 6. d4 cxd4 7. Nxd4 Bb4 8. Bb2 Nf6 9. a3 Bxc3+ 10. Bxc3 Nxe4 11.
Bb2 O-O 12. Bd3 Nc5 13. Bc2 Nxd4 14. Qxd4 Qg5 15. h4 Qh6 16. Bc1 Qf6 17. Qxf6 gxf6 18. Bb2 e5 19. f3 d5 20. cxd5 Bxd5 21. b4 Ne6 22. O-O-O Nf4 23. Kb1 Be6 24. g3 Nd5 25.
f4 Ne3 26. Rdg1 Nxc2 27. Kxc2 Rac8+ 28. Kb1 Bf5+ 29. Ka1 Rc2 30. g4 Be4 31. Rh3 Rd8 32. fxe5 Rdd2 33. Rb3 Bd5 34. Rc3 Rxb2 35. exf6 Be6 36.
Rgc1 Ra2+ 0-1

[Event "*** Titled Tuesday Blitz"]
[Site "Chess.com"]
[Date "2019.04.02"]
[Round "1"]
[White "carlovittorino"]
[Black "nabukatnezarr"]
[Result "0-1"]
[WhiteElo "2232"]
[BlackElo "2571"]
[TimeControl "180+2"]
[EndTime "14:07:57 PDT"]
[Termination "nabukatnezarr won by resignation"]

1. d4 Nf6 2. c4 g6 3. Nc3 Bg7 4. g3 O-O 5. Bg2 c5 6. Nf3 Na6 7. O-O d6 8. b3 cxd4 9. Nxd4 Nc5 10. Bb2 a5 11. Qd2 Bd7 12. Rfd1 a4 13. b4 a3 14. Bc1 Ne6 15. Bxb7 Rb8 16. Nc6 Bxc6 17. Bxc6 Rxb4 18.
Bxa3 Rxc4 19. Bb5 Rxc3 20. Qxc3 Ne4 21. Qe3 Nc3 22. Bc4 d5 23. Bb3 Qa8 24. Bb4 d4 25. Qd3 Ng5 26. f3 Nxd1 27. Rxd1 Re8 28. h4 Qb8 29.
Be1 Ne6 30. Bxe6 fxe6 31. Qxd4 Bxd4+ 0-1